 Dungeon Crawl Stone Soup version 0.23.2 (webtiles) character file.

Game seed: 17730054499584039911

94 Borgoz the Sneak (level 4, -1/35 HPs)
             Began as a Ghoul Enchanter on Apr 4, 2019.
             Slain by a wight
             ... wielding a +1 short sword
              (3 damage)
             ... on level 3 of the Dungeon.
             The game lasted 00:03:11 (1430 turns).

Borgoz the Sneak (Ghoul Enchanter)                  Turns: 1430, Time: 00:03:11

Health: -1/35      AC:  6    Str: 11    XL:     4   Next: 63%
Magic:  5/5        EV: 11    Int: 10    God:
Gold:   108        SH:  0    Dex: 10    Spells: 5/6 levels left

rFire    . . .     SeeInvis .   a - +1 dagger
rCold    + . .     Gourm    .   (no shield)
rNeg     + + +     Faith    .   j - +0 ring mail
rPois    ∞         Spirit   .   (no helmet)
rElec    .         Reflect  .   (no cloak)
rCorr    .         Harm     .   e - +0 pair of gloves
MR       .....                  (no boots)
Stlth    +.........             (no amulet)
HPRegen  0.00/turn              (no ring)
MPRegen  0.09/turn              (no ring)

@: rotting
A: rotting body, claws 1, carnivore, cold resistance 1, negative energy
resistance 3, inhibited regeneration, torment resistance, unbreathing
a: no special abilities


You were on level 3 of the Dungeon.
You were not hungry.

You visited 1 branch of the dungeon, and saw 3 of its levels.

You collected 108 gold pieces.

Inventory:

Hand Weapons
 a - a +1 dagger (weapon)
Armour
 e - a +0 pair of gloves (worn)
 j - a +0 ring mail (worn)
Wands
 l - a wand of iceblast (3)
Scrolls
 b - 3 scrolls of fog {unknown}
 c - a scroll of teleportation {unknown}
 f - 5 scrolls of identify {unknown}
 h - a scroll of amnesia {unknown}
 i - a scroll of immolation {unknown}
Comestibles
 d - 2 rations


   Skills:
 + Level 1.2 Fighting
 * Level 2.1 Short Blades
 * Level 1.7 Armour
 * Level 2.7 Dodging
 - Level 3.2 Stealth
 - Level 1.7 Spellcasting
 - Level 2.4 Hexes


You had 5 spell levels left.
You knew the following spells:

 Your Spells              Type           Power        Failure   Level  Hunger
a - Corona                Hex            #......      28%         1    ##.....

Your spell library contained the following spells:

 Spells                   Type           Power        Failure   Level  Hunger
 Ensorcelled Hibernation  Hex/Ice        #.....       56%         2    ###....
 Confuse                  Hex            #.......     63%         3    ####...
 Tukima's Dance           Hex            #.......     63%         3    ####...
 Dazzling Spray           Conj/Hex       #.....       80%         3    ####...


Dungeon Overview and Level Annotations

Branches:
Dungeon (3/15)

Altars:


Innate Abilities, Weirdness & Mutations

Your body is rotting away.
You thrive on raw meat.
You are immune to poison.
You have sharp fingernails.
You are carnivorous and can eat meat at any time.
Your flesh is cold resistant. (rC+)
You are immune to negative energy. (rN+++)
You do not regenerate when monsters are visible.
You are immune to unholy pain and torment.
You can survive without breathing.


Message History

The wight hits you with a +1 short sword!
* * * LOW HITPOINT WARNING * * *
Your ring mail prevents you from hitting the wight.
The wight is almost destroyed.
The wight completely misses you. The orc misses you.
You hit the wight but do no damage.
The wight is almost destroyed.
The wight hits you with a +1 short sword.
* * * LOW HITPOINT WARNING * * *
The orc misses you.
Okay, then.
There is an open door, spattered with blood here.
Items here: †††† a quokka corpse; a ball python corpse; a hobgoblin corpse; a jackal corpse Butcher a quokka corpse? [(y)es/(n)o/(a)ll/(q)uit/?]
You butcher the quokka corpse.
The wight misses you.
You butcher the ball python corpse.
The wight hits you with a +1 short sword.
You stop butchering the corpses.
You die...

####....# #..######
##.....# #..#
#..#+#.# #..# ##.#
### ##..# #..#
###.#.# #..##
+##...#.#
#...#####.)##.##.#
#.#...o#..).#.##.#
#..####z@.!..#....#
........†##.$##.####
#########..####..#
##......## ########


You could see a wight and an orc.

Vanquished Creatures
  A gnoll (D:2)
  3 adders (D:2)
  An ooze (D:1)
  4 worms (D:3)
  A dart slug (D:2)
  A leopard gecko (D:1)
  2 ball pythons
  2 bats
  A giant cockroach (D:2)
  3 goblins
  2 hobgoblins (D:3)
  5 jackals (D:3)
  2 quokkas
  9 frilled lizards
  6 rats
43 creatures vanquished.

Notes
Turn   | Place    | Note
-------+----------+-------------------------------------------
     0 | D:1      | Borgoz the Ghoul Enchanter began the quest for the Orb.
     0 | D:1      | Reached XP level 1. HP: 14/14 MP: 2/2
    25 | D:1      | Reached skill level 1 in Short Blades
    35 | D:1      | Reached XP level 2. HP: 22/22 MP: 3/3
   495 | D:1      | Reached skill level 1 in Armour
   765 | D:2      | Reached XP level 3. HP: 7/27 MP: 4/4
   939 | D:2      | Reached skill level 1 in Fighting
   939 | D:2      | Reached XP level 4. HP: 10/34 MP: 5/5
  1430 | D:3      | Slain by a wight

Skill      XL: |  1  2  3 |
---------------+----------+-----
Short Blades   | 1 2 |  2.1
Dodging        | 2 |  2.7
Armour         | 1 |  1.7
Fighting       | 1 |  1.2
Stealth        | |  3.2
Spellcasting   | |  1.7
Hexes          | |  2.4

Action                   |  1- 3 |  4- 6 || total
-------------------------+-------+-------++-------
Melee: Dagger            |   151 |   134 ||   285
Evoke: Wand              |       |     4 ||     4
  Use: Potion            |     3 |       ||     3
 Stab: Sleeping          |     3 |       ||     3
  Eat: Chunk             |    12 |    14 ||    26
Armor: Ring mail         |    58 |    32 ||    90
       Robe              |     2 |       ||     2
Dodge: Dodged            |    94 |    62 ||   156
